 Dungeon Crawl Stone Soup version 0.28-a0-172-g787e458d71 (webtiles) character file.

Game seed: 1054650118052798822

116 frimble the Cutter (level 4, 0/37 HPs)
             Began as a Minotaur Warper on Aug 17, 2021.
             Slain by a gnoll (5 damage)
             ... on level 2 of the Dungeon.
             The game lasted 00:02:34 (2119 turns).

frimble the Cutter (Minotaur Warper)                Turns: 2119, Time: 00:02:34

Health: 0/37       AC:  3    Str: 15    XL:     4   Next: 70%
Magic:  10/14      EV: 12    Int: 10    God:
Gold:   42         SH:  0    Dex: 11    Spells: 3/5 levels left

rFire   . . .      SeeInvis .   a - +0 short sword
rCold   . . .      Faith    .   (no shield)
rNeg    . . .      Spirit   .   b - +0 leather armour
rPois   .          Reflect  .   (helmet restricted)
rElec   .          Harm     .   (no cloak)
rCorr   .          Rampage  .   (no gloves)
Will    .....                   (no boots)
Stlth   +.........              (no amulet)
HPRegen 0.12/turn               j - ring of magical power
MPRegen 0.14/turn               (no ring)

@: no status effects
A: horns 2, retaliatory headbutt
a: no special abilities


You were on level 2 of the Dungeon.
You visited 1 branch of the dungeon, and saw 3 of its levels.

You collected 42 gold pieces.

Inventory:

Hand Weapons
 a - a +0 short sword (weapon)
Missiles
 d - 5 boomerangs of dispersal
 l - 3 poisoned darts (quivered)
Armour
 b - a +0 leather armour (worn)
Jewellery
 j - a ring of magical power (left hand)
 m - an amulet of guardian spirit
Scrolls
 c - a scroll of blinking
 f - a scroll of fear {unknown}
 g - a scroll of amnesia {unknown}
 h - 3 scrolls of identify {unknown}
 k - a scroll of enchant weapon {unknown}
Potions
 e - a potion of curing
 i - a potion of might {unknown}


   Skills:
 - Level 2.4 Fighting
 + Level 4.0 Short Blades
 + Level 1.1 Throwing
 - Level 1.2 Armour
 + Level 3.3 Dodging
 - Level 1.4 Spellcasting
 + Level 2.8 Translocations


You had 3 spell levels left.
You knew the following spells:

 Your Spells              Type           Power      Damage    Failure   Level
a - Blink                 Tloc           N/A        N/A       19%         2

Your spell library contained the following spells:

 Spells                   Type           Power      Damage    Failure   Level
 Gell's Gravitas          Tloc           3%         N/A       36%         3
 Lesser Beckoning         Tloc           3%         N/A       36%         3
 Teleport Other           Tloc           6%         N/A       36%         3
 Manifold Assault         Tloc           6%         N/A       98%         5


Dungeon Overview and Level Annotations

Branches:
Dungeon (3/15)

Altars:
Beogh


Innate Abilities, Weirdness & Mutations

You have a pair of horns on your head.
You reflexively headbutt those who attack you in melee.


Message History

You feel sick.
Throw: 7 darts (poison)
Press: ? - help, Q - select action, (/) - cycle Shift-Dir - straight line, f/p - gnoll
Aim: a gnoll, wielding a +0 club (almost dead, 60% to hit)
You throw a poisoned dart. The poisoned dart hits the gnoll.
The gnoll is almost dead.
You feel sick.
Your magical contamination has completely faded away.
You feel sick.
You feel sick.
You feel sick.
You feel sick.
You are no longer poisoned.
Throw: 6 darts (poison)
Press: ? - help, Q - select action, (/) - cycle Shift-Dir - straight line, f/p - gnoll
Aim: a gnoll, wielding a +0 club (almost dead, 60% to hit)
You throw a poisoned dart.
The poisoned dart completely misses the gnoll.
You aren't carrying any items that you can evoke.
Casting: Blink (safe; 19% risk of failure)
Confirm with . or Enter, or press ? or * to list all spells.
You blink.
Throw: 5 darts (poison)
Press: ? - help, Q - select action, (/) - cycle Shift-Dir - straight line, f/p - gnoll
Aim: a gnoll, wielding a +0 club (almost dead, 60% to hit)
You throw a poisoned dart. The poisoned dart hits the gnoll.
The gnoll is poisoned.
The gnoll looks more healthy.
Throw: 4 darts (poison)
Press: ? - help, Q - select action, (/) - cycle Shift-Dir - straight line, f/p - gnoll
Aim: a gnoll, wielding a +0 club (severely wounded, 60% to hit)
You throw a poisoned dart. The poisoned dart hits the gnoll.
The gnoll is poisoned.
The gnoll is heavily wounded.
The gnoll looks more healthy.
Casting: Blink (safe; 19% risk of failure)
Confirm with . or Enter, or press ? or * to list all spells.
You blink.
The gnoll hits you with a +2 whip of venom.
You die...

#............# #....
#[...........# #....
###########............#
#....
.......................#
#....
###########............#
#.... #............# #####
#......ยง.....# #.).
#.....g......# #...
####.....@......#######...
#......g#####.##...(.##...
#.......# #.##....>##...
#.(.....# #.##.....##...
#.......# #.##.....#####
######.## #.##.....# #(#
#)##(..(.#
#.######.##.....##
#...g............#


You could see 2 gnolls.

Vanquished Creatures
  A scorpion (D:2)
  A gnoll (D:3)
  3 dart slugs
  3 ball pythons
  5 endoplasms
  3 giant cockroaches (D:1)
  4 hobgoblins
  2 quokkas
  4 frilled lizards
  4 goblins
  6 kobolds
  6 rats (D:1)
42 creatures vanquished.

Notes
Turn   | Place    | Note
-------+----------+-------------------------------------------
     0 | D:1      | frimble the Minotaur Warper began the quest for the Orb.
     0 | D:1      | Reached XP level 1. HP: 18/18 MP: 1/1
   101 | D:1      | Reached skill level 3 in Short Blades
   101 | D:1      | Reached XP level 2. HP: 19/25 MP: 3/3
   432 | D:1      | Found a faded altar of an unknown god.
   758 | D:1      | Reached XP level 3. HP: 30/30 MP: 4/4
  1133 | D:2      | Learned a level 2 spell: Blink
  1351 | D:2      | Noticed a scorpion
  1358 | D:2      | Killed a scorpion
  1359 | D:2      | Reached XP level 4. HP: 37/37 MP: 5/5
  1649 | D:2      | Reached skill level 4 in Short Blades
  2119 | D:2      | Slain by a gnoll

Illustrated notes

Levels and vault maps discovered:
D:1:      sevenhm_arrival_forest_fort_large_1, layout_basic,
          hellmonk_ecumenical_altar_defaced_shrine
D:2:      layout_basic
D:3:      due_chaos_kobolds, layout_basic, mainiacjoe_overflow_big_doors,
          serial_shops, nicolae_diamond_shop, chequers_serial_rivers_room_b,
          grunt_ministairs_13, st_stairs_13, uniq_terence

Skill      XL: |  1  2  3  4 |
---------------+-------------+-----
Short Blades   | 3 4 |  4.0
Dodging        | 3 |  3.3
Fighting       | |  2.4
Throwing       | |  1.1
Armour         | |  1.2
Spellcasting   | |  1.4
Translocations | |  2.8

Action                   |  1- 3 |  4- 6 || total
-------------------------+-------+-------++-------
Melee: Short sword       |    86 |     9 ||    95
       Headbutt          |     9 |     1 ||    10
Throw: Dart              |     3 |    10 ||    13
 Cast: Blink             |       |     3 ||     3
  Use: Potion            |       |     1 ||     1
Armor: Leather armour    |    13 |       ||    13
Dodge: Dodged            |    46 |     6 ||    52

Table legend: (Time is in decaauts)
 A = Elapsed time spent in this place.
 B = Non-inter-level travel time spent in this place.
 C = Inter-level travel time spent in this place.
 D = Time resting spent in this place.
 E = Time spent auto-exploring this place.
 F = Levels seen in this place.
 G = Mean time per level.
                   A        B        C        D        E       F      G
               +--------+--------+--------+--------+--------+-----+--------+
         Total |   2119 |   1993 |    126 |      0 |   1680 |   3 |  706.3 |
       Dungeon |   2119 |   1993 |    126 |      0 |   1680 |   3 |  706.3 |
               +--------+--------+--------+--------+--------+-----+--------+

Top non-repeatable levels by time:
     D:2: 1213 daAuts
     D:1: 831 daAuts
     D:3: 73 daAuts
